Workbook

Sheet SOLICITUD
B2: #VALUE! | E2: SOLICITUD DE VIÁTICO
N3: FECHA
N4: =+TODAY() -> 46297
B8: DATOS DEL BENEFICIARIO
C10: Beneficiario del viático
C12: RUT del beneficiario
C14: Correo UC
C16: Categoría
C18: Unidad imputable | F18: Actividad | K18: Caja
C20: País origen
C22: País/Ciudad destino | G22: Ciudad
C24: Duración del viaje | E24: Desde | G24: Hasta
C26: Duración estadía (en días) | F26: =_xlfn.DAYS(H24,F24)+1 -> 1
C28: Motivo del viaje (actividad a desarrollar)
B32: Como funcionario beneficiario del viático, me comprometo a conservar los documentos de respaldo de pasajes, hoteles y restaurantes, los que deberán ser presentados al justificar el viático. Declaro conocer el procedimiento y plazos de justificación, razón por la cuál en caso de no justificar en los plazos establecidos establecidos por la Universidad, autorizo a descontar dicho monto de mi remuneración.
B37: DETERMINACIÓN MONTO DEL VIÁTICO
G39: Viático base diario | K39: =IF(E22='Tabla Viáticos'!A2,"UTM ","USD ") -> USD | L39: =IF(K39="USD ",VLOOKUP(E16,'Tabla Viáticos'!I:J,2,0),O43) -> #N/A | O39: T/C (1)
G41: Factor ajuste | L41: =INDEX(Tabla1[Factor],MATCH(E22,Tabla1[Pais],0)) -> #N/A
O42: UTM (1)(2)
G43: Viático final diario | K43: =IF(E22='Tabla Viáticos'!A2,"UTM ","USD ") -> USD | L43: =IF(K43="USD ",INDEX(Tabla1[[Autoridades Superiores]:[Académicos, Jefes de Departamentos y Administrativos]],MATCH(E22,Tabla1[Pais],0),MATCH(E16,Tabla1[[#Headers],[Autoridades Superiores]:[Académicos, Jefes de Departamentos y Administrativos]],0)),L41*L39) -> #N/A
B46: VIATICO A CANCELAR
E48: x | F48: =SUM(L43:L43) -> #N/A | G48: x | H48: 0.5 | I48: = | K48: =IF(E22='Tabla Viáticos'!A2,"CLP $","USD $") -> USD $ | L48: =F48*H48*D48 -> #N/A
D49: (Días sin alojamiento) (3) | F49: (Viático Final)
D51: =+F26-D48 -> 1 | E51: x | F51: =SUM(L43:L43) -> #N/A | G51: x | H51: 1 | I51: = | K51: =IF(E22='Tabla Viáticos'!A2,"CLP $","USD $") -> USD $ | L51: =F51*H51*D51 -> #N/A
D52: (Días con alojamiento) | F52: (Viático Final)
G53: Monto máximo viático calculado | K53: =IF(E22='Tabla Viáticos'!A2,"CLP $","USD $") -> USD $ | L53: =L48+L51 -> #N/A
K54: CLP $ | L54: =IF(E22='Tabla Viáticos'!A2,SOLICITUD!L53,SOLICITUD!L53*SOLICITUD!O40) -> #N/A
G56: Total viático solicitado (4) | K56: =+K53 -> USD $ | L56: =+L53 -> #N/A
K57: =+K54 -> CLP $ | L57: =+L54 -> #N/A
D59: Nota Explicativa
D60: (1) Tasa de cambio o UTM debe corresponder a la publicada por el Banco Central (https://si3.bcentral.cl/indicadoressiete/secure/IndicadoresDiarios.aspx) según fecha de solicitud.
D62: (2) Llenar sólo para viáticos nacionales.
D63: (3) Funcionarios/académicos deben solicitar sólo el 50% del valor diario cuando pernocten en el medio de transporte.
D64: (4) Utilizar en caso que la unidad solicitante autorice un monto menor al calculado o la cuenta no disponga de los fondos para cubrir la totalidad del viático.
D66: Indicaciones
D67: * El viático cubre gastos de alojamiento, movilización y alimentación en país de destino
D68: * En caso de cancelación del viaje o postergación, se deben reintegrar los fondos asignados
D69: * El plazo máximo para justificar el viático es de 15 días una vez concluido el viaje
B71: AUTORIZACIÓN DE VIATICO
D73: BENEFICIARIO DEL VIÁTICO | F73: RESPONSABLE FINANCIERO
D78: Firma | F78: Firma
D81: Nombre Completo | F81: Nombre Completo
D84: Solicitante: | E84: (Ingresar nombre y apellido de quien llena este formulario)
D85: Anexo:
D86: Correo electrónico:

Sheet JUSTIFICACIÓN
B2: #VALUE! | E2: JUSTIFICACIÓN DE VIÁTICO
M3: FECHA
M4: =+TODAY() -> 46297
B8: DATOS DEL BENEFICIARIO
C11: Beneficiario del viático
C13: RUT del beneficiario
C15: Correo UC
C17: Categoría
B19: LIQUIDACIÓN DEL VIÁTICO
F21: País de destino
F23: Fecha EFECTIVA de Salida | L23: Fecha EFECTIVA de Retorno
I25: Viático base diario | L25: =SOLICITUD!K39 -> USD | M25: =SOLICITUD!L39 -> #N/A
I27: Factor ajuste | M27: =SOLICITUD!L41 -> #N/A
I29: Viático final diario | L29: =SOLICITUD!K43 -> USD | M29: =SOLICITUD!L43 -> #N/A
F31: Duración estadía (en días) | I31: =_xlfn.DAYS(M23,G23)+1 -> 1
F33: Nº días con viático sin pernoctar | G33: 1 | H33: X | I33: 0.5 | L33: =IF(G21='Tabla Viáticos'!A2,"CLP $","USD $") -> USD $ | M33: =+M29*I33*G33 -> #N/A
F35: Nº días con viático completo | G35: =+I31-G33 -> 0 | H35: X | I35: 1 | L35: =IF(G21='Tabla Viáticos'!A2,"CLP $","USD $") -> USD $ | M35: =+M29*I35*G35 -> #N/A
F37: Total viático consumido | L37: =IF(G21='Tabla Viáticos'!A2,"CLP $","USD $") -> USD $ | M37: =+M35+M33 -> #N/A
D39: MONTO REAL DEL VIATICO CONSUMIDO | L39: CLP $ | M39: =IF(L37="USD $",M37*SOLICITUD!O40,JUSTIFICACIÓN!M37) -> #N/A
D41: MONTO DEL VIATICO SOLICITADO | L41: CLP $ | M41: =MIN(SOLICITUD!L54,SOLICITUD!L57) -> #N/A
D43: SALDO A REINTEGRAR | L43: CLP $ | M43: =IF(SOLICITUD!L57<SOLICITUD!L54,0,M39-M41) -> #N/A
B46: AUTORIZACIÓN DE LA JUSTIFICACIÓN DE VIÁTICO
C48: BENEFICIARIO DEL VIÁTICO | E48: RESPONSABLE FINANCIERO
C53: Firma | E53: Firma
C56: Nombre Completo | E56: Nombre Completo
C59: Solicitante: | D59: (Ingresar nombre y apellido de quien llena este formulario)
C60: Anexo:
C61: Correo electrónico:

Sheet Tabla Viáticos
A1: Pais | B1: Autoridades Superiores | C1: Académicos, Jefes de Departamentos y Administrativos | D1: Factor | E1: Columna1 | G1: Actividad | I1: Viático Base | J1: USD
A2: Chile | B2: =+SOLICITUD!O43 -> 0 | C2: =+SOLICITUD!O43 -> 0 | D2: =+IF(SOLICITUD!E16=Tabla1[[#Headers],[Autoridades Superiores]],3,2.2) -> 2.2 | G2: 101 - Pregrado Imputable | I2: Autoridades Superiores | J2: 200
A3: AFGANISTAN | B3: 327 | C3: 294 | D3: 1.63 | G3: 201 - Magister Profesional | I3: Académicos, Jefes de Departamentos y Administrativos | J3: 180
A4: ALBANIA | B4: 290 | C4: 261 | D4: 1.45 | G4: 202 - Magister de Investigación
A5: ALEMANIA, Berlín | B5: 385 | C5: 346 | D5: 1.92 | G5: 203 - Doctorado
A6: ALEMANIA, Bonn | B6: 375 | C6: 338 | D6: 1.88 | G6: 301 - Investigacion Básica
A7: ALEMANIA, Dresden | B7: 375 | C7: 338 | D7: 1.88 | G7: 302 - Investigación Aplicada
A8: ALEMANIA, Hamburgo | B8: 380 | C8: 342 | D8: 1.9 | G8: 303 - Investigación por Encargo
A9: ALEMANIA, Munich | B9: 395 | C9: 355 | D9: 1.97 | G9: 304 - Investigación Internacional
A10: ALEMANIA, Otras ciudades | B10: 385 | C10: 346 | D10: 1.92 | E10: replica capital | G10: 401 - Asesorias y Servicios
A11: ANGUILA | B11: 340 | C11: 306 | D11: 1.7 | G11: 402 - Educación continua
A12: ANGOLA | B12: 440 | C12: 396 | D12: 2.2 | G12: 403 - Extensión
A13: ANTIGUA Y BARBUDA | B13: 340 | C13: 306 | D13: 1.7 | G13: 404 - Filantropía
A14: ANTILLAS HOLANDESAS | B14: 331 | C14: 298 | D14: 1.66 | G14: 502 - Administración Facultades
A15: ARABIA SAUDITA | B15: 350 | C15: 315 | D15: 1.75
A16: ARGELIA | B16: 305 | C16: 275 | D16: 1.53
A17: ARGENTINA | B17: 372 | C17: 335 | D17: 1.86
A18: ARMENIA | B18: 288 | C18: 259 | D18: 1.44
A19: AUSTRALIA | B19: 454 | C19: 409 | D19: 2.27
A20: AUSTRIA | B20: 340 | C20: 306 | D20: 1.7
A21: ARUBA | B21: 342 | C21: 307 | D21: 1.71
A22: AZERBAIYAN | B22: 301 | C22: 271 | D22: 1.51
A23: BAHAMAS | B23: 387 | C23: 349 | D23: 1.94
A24: BAHREIN | B24: 331 | C24: 298 | D24: 1.65
A25: BANGLADESH | B25: 314 | C25: 283 | D25: 1.57
A26: BARBADOS | B26: 349 | C26: 314 | D26: 1.74
... A48: CANADA, Toronto | B48: 362 | C48: 325 | D48: 1.81
A49: CANADA, Otras ciudades | B49: 341 | C49: 307 | D49: 1.71 | E49: replica capital
A50: CHAD | B50: 330 | C50: 297 | D50: 1.65
A51: CHINA, REPUBLICA POPULAR, Beijing | B51: 500 | C51: 450 | D51: 2.5
A52: CHINA, REPUBLICA POPULAR, Hong Kong | B52: 647 | C52: 583 | D52: 3.24
A53: CHINA, Otras ciudades | B53: 500 | C53: 450 | D53: 2.5 | E53: replica capital
A54: CHIPRE | B54: 335 | C54: 302 | D54: 1.68
A55: CISJORDANIA | B55: 346 | C55: 311 | D55: 1.73
A56: COLOMBIA | B56: 302 | C56: 272 | D56: 1.51
A57: UNION DE COMORAS | B57: 328 | C57: 295 | D57: 1.64
A58: CONGO | B58: 354 | C58: 319 | D58: 1.77
A59: COREA DEL NORTE | B59: 329 | C59: 296 | D59: 1.65
A60: COREA DEL SUR | B60: 359 | C60: 323 | D60: 1.79
A61: COSTA DE MARFIL | B61: 336 | C61: 302 | D61: 1.68
A62: COSTA RICA | B62: 305 | C62: 275 | D62: 1.53
A63: CROACIA | B63: 327 | C63: 295 | D63: 1.64
A64: CUBA | B64: 320 | C64: 288 | D64: 1.6
A65: DINAMARCA | B65: 434 | C65: 390 | D65: 2.17
... A80: EE.UU. N.YORK | B80: 534 | C80: 481 | D80: 2.67
A81: EE.UU., Otras ciudades | B81: =+AVERAGE(B77:B79) -> 344.66667 | C81: =+AVERAGE(C77:C79) -> 309.66667 | D81: =+AVERAGE(D77:D79) -> 1.72 | E81: promedio DC, MIA y SFO
A82: ESTONIA | B82: 313 | C82: 281 | D82: 1.56
A83: ETIOPIA | B83: 323 | C83: 291 | D83: 1.62
A84: FEDERACION DE RUSIA | B84: 345 | C84: 310 | D84: 1.72
A85: FIJI | B85: 319 | C85: 287 | D85: 1.59
A86: FILIPINAS | B86: 326 | C86: 294 | D86: 1.63
A87: FINLANDIA | B87: 403 | C87: 362 | D87: 2.01
A88: FRANCIA | B88: 419 | C88: 377 | D88: 2.09
A89: GABON | B89: 348 | C89: 314 | D89: 1.74
A90: GAMBIA | B90: 295 | C90: 266 | D90: 1.48
A91: GEORGIA | B91: 291 | C91: 262 | D91: 1.46
A92: GHANA | B92: 323 | C92: 291 | D92: 1.62
A93: GRECIA | B93: 346 | C93: 311 | D93: 1.73
... A205: TURQUIA, Estambul | B205: 303 | C205: 273 | D205: 1.51
A206: TURQUIA, Otras ciudades | B206: 285 | C206: 256 | D206: 1.42 | E206: replica capital
A207: TUVALU | B207: 335 | C207: 302 | D207: 1.68
A208: UCRANIA | B208: 290 | C208: 261 | D208: 1.45
A209: UGANDA | B209: 296 | C209: 266 | D209: 1.48
A210: URUGUAY | B210: 331 | C210: 298 | D210: 1.65
A211: UZBEKISTAN | B211: 292 | C211: 263 | D211: 1.46
A212: VANUATU | B212: 343 | C212: 309 | D212: 1.71
A213: VENEZUELA | B213: 441 | C213: 397 | D213: 2.2
A214: VIETNAM | B214: 280 | C214: 252 | D214: 1.4
A215: YEMEN | B215: 290 | C215: 261 | D215: 1.45
A216: ZAMBIA | B216: 298 | C216: 268 | D216: 1.49
A217: ZIMBABWE | B217: 321 | C217: 289 | D217: 1.6
